 Dungeon Crawl Stone Soup version 0.23.0 (webtiles) character file.

Game seed: 5175455513272583285

189869 grindst0ne the Spry (level 17, -5/89 HPs)
             Began as a Spriggan Enchanter on Feb 10, 2019.
             Was the Champion of Dithmenos.
             Killed from afar by a salamander mystic (30 damage)
             ... with a bolt of magma
             ... on level 3 of the Snake Pit on Feb 11, 2019.
             The game lasted 03:06:45 (40728 turns).

grindst0ne the Spry (Spriggan Enchanter)           Turns: 40728, Time: 03:06:46

Health: -5/89      AC:  5    Str:  4    XL:     17   Next: 52%
Magic:  20/29      EV: 37    Int: 22    God:    Dithmenos [******]
Gold:   449        SH:  0    Dex: 19    Spells: 20/30 levels left

rFire    . . .     SeeInvis +   b - +5 dagger "Yjomoeb" {freeze, Int+5 Stlth-}
rCold    + + .     Gourm    .   (shield restricted)
rNeg     + + +     Faith    .   W - +2 robe of the Lonely Princes {*Corrode rC+ MR+}
rPois    +         Spirit   .   t - +2 hat
rElec    .         Reflect  .   L - +2 cloak {MR+}
rCorr    .         Harm     .   (gloves unavailable)
MR       ++++.                  (boots unavailable)
Stlth    +++++++...             R - amulet of regeneration
HPRegen  0.64/turn              k - +4 ring of evasion
MPRegen  0.21/turn              D - ring "Notsunuq" {*Drain rPois rC+ rN+++ Dex-4}

@: corroded, very slightly contaminated, wreathed by umbra, very quick
A: very small, unfitting armour, see invisible, herbivore, speed 3, slow
metabolism 2
}: 1/15 runes: barnacled
a: Shadow Step, Shadow Form, Renounce Religion


You were on level 3 of the Snake Pit.
You worshipped Dithmenos.
Dithmenos was exalted by your worship.
You were hungry.

You visited 5 branches of the dungeon, and saw 30 of its levels.

You collected 2845 gold pieces.
You spent 2396 gold pieces at shops.

Inventory:

Hand Weapons
 a - the +7 falchion of Eternity {slice, rElec Int+3}
   (You found it on level 5 of the Lair of Beasts)

   It inflicts extra damage upon your enemies.
   It affects your intelligence (+3).
   It insulates you from electricity.
 b - the +5 dagger "Yjomoeb" (weapon) {freeze, Int+5 Stlth-}
   (You found it on level 1 of the Shoals)

   It has been specially enchanted to freeze those struck by it, causing extra
   injury to most foes and up to half again as much damage against particularly
   susceptible opponents.
   It can also slow down cold-blooded creatures.
   It affects your intelligence (+5).
   It makes you less stealthy.
 f - a +5 rapier of protection
 u - a +3 dagger of venom
 J - a +0 lajatang
Missiles
 z - 15 throwing nets (quivered)
Armour
 t - a +2 hat (worn)
 F - a +0 troll leather armour
 I - a +0 buckler
 L - a +2 cloak of magic resistance (worn)
 W - the +2 robe of the Lonely Princes (worn) {*Corrode rC+ MR+}
   (You found it on level 5 of the Lair of Beasts)

   It protects you from cold.
   It affects your resistance to hostile enchantments.
   It may corrode you when you take damage.
Jewellery
 h - an uncursed ring of resist corrosion
 k - a +4 ring of evasion (left hand)
 A - an uncursed ring of magical power {unknown}
 D - the ring "Notsunuq" (right hand) {*Drain rPois rC+ rN+++ Dex-4}
   (You acquired it on level 12 of the Dungeon)

   [ring of protection from cold]

   It affects your dexterity (-4).
   It protects you from cold.
   It protects you from poison.
   It renders you almost immune to negative energy.
   It causes draining when unequipped.
 G - a +2 ring of protection
 R - an amulet of regeneration (around neck)
 T - an uncursed ring of protection from fire
Wands
 e - a wand of enslavement (2)
 g - a wand of polymorph (51)
 p - a wand of flame (21)
 q - a wand of digging (4)
Scrolls
 c - 10 scrolls of teleportation
 j - 7 scrolls of amnesia
 m - 5 scrolls of magic mapping
 s - 4 scrolls of enchant armour
 w - a scroll of torment
 C - 10 scrolls of enchant weapon
 E - 5 scrolls of remove curse
 K - a scroll of blinking
 N - 8 scrolls of fog
 O - a scroll of silence
 P - a scroll of identify
 S - 2 scrolls of summoning
Potions
 i - 3 potions of cancellation
 l - a potion of flight
 n - 5 potions of brilliance
 o - 6 potions of mutation
 r - 3 potions of ambrosia
 v - a potion of invisibility
 x - 6 potions of might
 y - 3 potions of magic
 B - a potion of curing
 M - a potion of lignification
 X - 3 potions of agility
Miscellaneous
 H - a phial of floods
 Y - a fan of gales
Comestibles
 d - 11 rations


   Skills:
 - Level 10.1 Fighting
 - Level 14.0(17.0) Short Blades
 - Level 13.1(14.5) Long Blades
 - Level 16.2 Dodging
 - Level 10.0 Stealth
 + Level 7.4 Spellcasting
 - Level 14.5 Hexes
 - Level 4.1 Translocations
 - Level 9.4 Invocations
 - Level 11.0 Evocations


You had 20 spell levels left.
You knew the following spells:

 Your Spells              Type           Power        Failure   Level  Hunger
a - Blink                 Tloc           N/A          2%          2    None
b - Ensorcelled Hibernat  Hex/Ice        #####.       1%          2    None
c - Confuse               Hex            ######..     1%          3    None
d - Dazzling Spray        Conj/Hex       #####.       1%          3    None

Your spell library contained the following spells:

 Spells                   Type           Power        Failure   Level  Hunger
 Corona                   Hex            ######.      1%          1    None
 Inner Flame              Hex/Fire       #####...     1%          3    None
 Tukima's Dance           Hex            ######..     1%          3    None
 Shroud of Golubria       Chrm/Tloc      ###.......   4%          2    None
 Gell's Gravitas          Tloc           ####......   4%          3    None
 Lesser Beckoning         Tloc           ####......   4%          3    None
 Teleport Other           Tloc           ####....     4%          3    None
 Leda's Liquefaction      Hex/Erth       #####.....   4%          4    ###....
 Animate Skeleton         Necr           N/A          8%          1    None
 Flame Tongue             Conj/Fire      #....        8%          1    None
 Pain                     Necr           #...         8%          1    None
 Throw Flame              Conj/Fire      #.....       12%         2    None
 Passage of Golubria      Tloc           N/A          14%         4    ###....
 Conjure Flame            Conj/Fire      #.......     24%         3    None
 Regeneration             Chrm/Necr      #.........   24%         3    None
 Vampiric Draining        Necr           #.........   24%         3    None
 Animate Dead             Necr           N/A          61%         4    ###....
 Sticky Flame             Conj/Fire      #.......     61%         4    ###....
 Bolt of Magma            Conj/Fire/Erth #.........   91%         5    #####..
 Fireball                 Conj/Fire      #.........   91%         5    #####..
 Iron Shot                Conj/Erth      #.........   100%        6    ######.
 Statue Form              Tmut/Erth      #........    100%        6    ######.
 Haunt                    Necr/Summ      #.........   100%        7    #######
 Borgnjor's Revivificati  Necr           #.........   100%        8    #######
 Death's Door             Chrm/Necr      #.........   100%        8    #######
 Infestation              Necr           #.........   100%        8    #######
 Necromutation            Tmut/Necr      #.........   100%        8    #######
 Shatter                  Erth           #.........   100%        9    #######


Dungeon Overview and Level Annotations

Branches:
Dungeon (15/15)            Temple (0/1) D:6            Lair (6/6) D:10
 Shoals (4/4) Lair:2        Snake (3/4) Lair:2        Slime (0/5) Lair:5
    Orc (2/2) D:10            Elf (0/3) Orc:2        Vaults (0/5) D:13
 Depths (0/5) D:15

Altars:
Dithmenos
Elyvilon
Gozag
Makhleb
Trog
Vehumet
Wu Jian
Xom
Beogh
Jiyva

Shops:
D:13 !   D:15 [(!:   Orc:2 !}?*   Shoals:2 ?}   Shoals:4 }   Snake:1 *

Annotations:
D:3 exclusion: downstairs
D:7 5 transporters
D:10 exclusion: downstairs
D:13 exclusion: downstairs
Lair:1 exclusion: downstairs
Lair:4 exclusion: 2 oklob plants
Shoals:1 exclusion: downstairs
Shoals:2 exclusion: downstairs
Shoals:3 exclusion: downstairs
Snake:1 exclusion: 2 downstairs
Snake:2 exclusion: downstairs


Innate Abilities, Weirdness & Mutations

You are very small and have problems with some larger weapons.
You are too small for most types of armour.
You have supernaturally acute eyesight. (SInv)
You are a herbivore.
You cover ground extremely quickly.
You need to consume almost no food.


Message History

You assume a fearsome visage.
The shock serpent looks frightened!
The anaconda looks frightened!
Okay, then.
Okay, then.
Evoke which item? (* to show all) (? for menu, Esc to quit)
Aiming: Dig
Press: ? - help, Shift-Dir - straight line A rock wall.
This square is wreathed by an umbra.
The rock shatters into small pieces.
Evoke which item? (* to show all) (? for menu, Esc to quit)
Aiming: Dig
Press: ? - help, Shift-Dir - straight line A rock wall.
This square is wreathed by an umbra.
The rock shatters into small pieces.
A naga mage comes into view. It is wielding a +0 halberd.
The salamander mystic points at you and mumbles some strange words.
The bolt of magma hits you!!
You die...

#. ..N .## ##.
.N. ....... ...
#....! ... #..#.
#.# #...##.#
#....# #@#
#..[..# #...#.#
##..#..# ## #.#
##N# . #.## #.##
. . #.# #.##NN#
.# .# .#
.....#####.#..#
#ยงยงยงยง...N..##


You could see a salamander mystic, a salamander, a naga mage and 2 nagas.

Vanquished Creatures
  A kraken (Shoals:4)
  Polyphemus (Shoals:2)
  Ilsuiw (Shoals:4)
  Louise (D:14)
  5 merfolk javelineers
  15 merfolk impalers
  A yaktaur captain (D:15)
  7 hydras
  Harold (D:7)
  Erolcha (D:10)
  Fannar (D:10)
  12 naga warriors
  7 anacondas
  3 merfolk avatars
  4 centaur warriors
  An ogre mage (D:15)
  2 catoblepae
  4 alligator snapping turtles
  12 two-headed ogres
  Erica (Orc:1)
  5 merfolk aquamancers
  6 death yaks
  A deep troll shaman (Lair:6)
  A tengu warrior (D:13)
  4 orc high priests (Orc:2)
  A naga sharpshooter (Snake:1)
  Sonja (D:10)
  3 shock serpents
  A fire crab (Lair:6)
  2 unseen horrors
  7 sea snakes
  A naga ritualist (Snake:2)
  2 skeletal warriors (D:13)
  A wizard (D:13)
  4 lindwurms (Lair:5)
  9 harpies
  A deep elf mage (D:14)
  3 mana vipers
  3 orc knights (D:15)
  5 cyclopes
  3 salamanders (Snake:2)
  3 orc sorcerers
  7 slime creatures
  2 fauns
  3 ugly things (D:13)
  11 elephants
  15 manticores
  18 black mambas
  10 merfolk sirens
  3 guardian serpents
  A black mamba (shapeshifter) (D:15)
  Psyche (D:10)
  7 water nymphs
  A spiny frog (shapeshifter) (D:15)
  13 spiny frogs
  4 naga magi
  8 rime drakes
  2 kobold demonologists (D:15)
  An efreet (D:13)
  11 komodo dragons
  A tengu conjurer (D:13)
  44 merfolk
  7 trolls
  3 polar bears
  A harpy zombie (D:14)
  The ghost of strongu the Insei, an amateur DsFi (D:5)
  6 wind drakes
  5 blink frogs (Lair:6)
  A harpy skeleton (D:15)
  12 dream sheep
  11 hippogriffs
  A meliai zombie (D:10)
  7 snapping turtles
  Sigmund (D:4)
  6 water elementals
  24 yaks
  7 wyverns
  2 hungry ghosts
  3 basilisks
  8 vampire mosquitoes
  11 nagas
  An acid dragon (D:11)
  2 wargs
  26 water moccasins
  14 porcupines
  18 orc warriors
  A hornet zombie (D:13)
  4 sky beasts
  A necrophage (D:9)
  A phantom (D:11)
  8 ogres
  11 wolves
  39 centaurs
  13 crocodiles
  Blork the orc (D:4)
  6 big kobolds
  12 bullfrogs
  A wyvern zombie (D:13)
  2 wyvern skeletons
  4 scorpions
  27 wights
  6 howler monkeys
  12 crimson imps
  4 centaur zombies
  2 quasits
  3 bullfrog zombies
  6 jellies
  A bullfrog skeleton (D:8)
  33 orc priests
  4 hounds
  2 centaur skeletons
  4 iguanas
  28 orc wizards
  11 worker ants
  10 gnolls
  17 adders
  An ooze (D:3)
  2 adder skeletons
  An adder zombie (D:9)
  5 worms
  3 dart slugs
  3 leopard geckos
  64 orcs
  A ball python (Lair:2)
  6 bats
  2 giant cockroaches
  8 hobgoblins
  15 jackals
  A quokka (D:10)
  A ball python skeleton (D:4)
  14 frilled lizards
  8 goblins
  A jackal zombie (D:7)
  31 kobolds
  A leopard gecko skeleton (D:4)
  12 rats
943 creatures vanquished.

Vanquished Creatures (collateral kills)
  A dire elephant (Lair:6)
  4 merfolk avatars
  A death yak (Shoals:3)
  2 skeletal warriors (D:13)
  2 manticores
  3 water nymphs
  A merfolk siren (Shoals:4)
  A merfolk (Shoals:2)
  A wind drake (Shoals:4)
  A snapping turtle (Shoals:4)
  A hippogriff (Shoals:2)
  A water elemental (Shoals:2)
  A wolf (Lair:6)
20 creatures vanquished.

Vanquished Creatures (others)
  14 fungi
  11 plants
  4 tentacles (Shoals:4)
29 creatures vanquished.

Grand Total: 992 creatures vanquished

Notes
Turn   | Place    | Note
-------+----------+-------------------------------------------
     0 | D:1      | grindst0ne the Spriggan Enchanter began the quest for the
                  | Orb.
     0 | D:1      | Reached XP level 1. HP: 9/9 MP: 5/5
   155 | D:1      | Reached XP level 2. HP: 13/13 MP: 6/6
   159 | D:1      | Learned a level 2 spell: Ensorcelled Hibernation
   707 | D:1      | Reached skill level 5 in Stealth
   828 | D:2      | Reached XP level 3. HP: 12/16 MP: 0/8
  1058 | D:2      | Found an ornate altar of the Wu Jian Council.
  1422 | D:2      | Learned a level 3 spell: Confuse
  1441 | D:2      | Reached XP level 4. HP: 21/21 MP: 1/9
  1455 | D:2      | Found a shadowy altar of Dithmenos.
  1485 | D:2      | Became a worshipper of Dithmenos the Shadowed
  2575 | D:3      | Reached skill level 5 in Hexes
  2575 | D:3      | Reached XP level 5. HP: 24/24 MP: 5/10
  2585 | D:3      | Reached * piety under Dithmenos
  3078 | D:3      | Noticed a centaur
  3081 | D:3      | Killed a centaur
  3083 | D:3      | Reached XP level 6. HP: 28/28 MP: 11/11
  3152 | D:4      | Noticed Sigmund
  3627 | D:4      | Reached skill level 5 in Short Blades
  3825 | D:4      | Reached ** piety under Dithmenos
  3852 | D:4      | Reached XP level 7. HP: 12/32 MP: 4/12
  4264 | D:4      | Killed Sigmund
  4521 | D:4      | Noticed Blork the orc
  4528 | D:4      | Killed Blork the orc
  4542 | D:5      | Entered Level 5 of the Dungeon
  4571 | D:5      | Found a runed translucent door.
  4572 | D:5      | Noticed strongu's ghost (amateur DsFi)
  4617 | D:5      | Killed strongu's ghost
  4617 | D:5      | Reached XP level 8. HP: 36/36 MP: 9/13
  4831 | D:5      | Found a white marble altar of Elyvilon.
  4859 | D:5      | Found an opulent altar of Gozag.
  5108 | D:6      | Found a staircase to the Ecumenical Temple.
  5206 | D:6      | Found an ornate altar of the Wu Jian Council.
  5690 | D:6      | Found a burning altar of Makhleb.
  6087 | D:7      | Reached skill level 4 in Dodging
  6103 | D:7      | Found a transporter.
  6118 | D:7      | Found a transporter.
  6118 | D:7      | Found a transporter.
  6118 | D:7      | Noticed a red ugly thing
  6119 | D:7      | Noticed a purple ugly thing
  6214 | D:7      | Reached *** piety under Dithmenos
  6223 | D:7      | Reached skill level 5 in Dodging
  6392 | D:7      | Reached skill level 10 in Hexes
  6479 | D:7      | Reached XP level 9. HP: 39/39 MP: 14/14
  6575 | D:7      | Found a transporter.
  6579 | D:7      | Found a transporter.
  6612 | D:7      | Noticed Harold
  6640 | D:7      | Killed Harold
  6640 | D:7      | Reached skill level 6 in Dodging
  7231 | D:8      | Reached skill level 7 in Dodging
  7840 | D:8      | Reached skill level 8 in Dodging
  7996 | D:8      | Noticed a two-headed ogre
  8041 | D:8      | Killed a two-headed ogre
  8041 | D:8      | Reached skill level 10 in Short Blades
  8041 | D:8      | Reached XP level 10. HP: 44/44 MP: 10/15
  8059 | D:8      | Reached skill level 9 in Dodging
  8403 | D:8      | Found a bloodstained altar of Trog.
  8690 | D:8      | Reached **** piety under Dithmenos
  9461 | D:9      | Got a tattered robe
  9472 | D:9      | Identified the cursed +0 robe "Horelez" {rC++ Str+3} (You
                  | found it on level 9 of the Dungeon)
  9669 | D:9      | Reached skill level 10 in Dodging
 10367 | D:9      | Learned a level 3 spell: Dazzling Spray
 10645 | D:10     | Entered Level 10 of the Dungeon
 10656 | D:10     | Noticed Fannar
 10751 | D:10     | Killed Fannar
 10751 | D:10     | Reached skill level 11 in Dodging
 10876 | D:10     | Reached XP level 11. HP: 34/47 MP: 10/16
 11412 | D:10     | Noticed Erolcha
 11419 | D:10     | Killed Erolcha
 11509 | D:10     | Found a staircase to the Lair.
 11561 | D:10     | Noticed Sonja
 11626 | D:10     | Noticed Psyche
 11628 | D:10     | Killed Sonja
 11628 | D:10     | Reached skill level 12 in Dodging
 11636 | D:10     | Killed Psyche
 11696 | D:10     | Found a staircase to the Orcish Mines.
 11704 | D:10     | Found a roughly hewn altar of Beogh.
 11875 | D:10     | Noticed a two-headed ogre
 11881 | D:10     | Killed a two-headed ogre
 12224 | Lair:1   | Entered Level 1 of the Lair of Beasts
 12247 | Lair:1   | Noticed a six-headed hydra
 12250 | Lair:1   | Killed a six-headed hydra
 12257 | Lair:1   | Reached skill level 13 in Dodging
 12259 | Lair:1   | Reached ***** piety under Dithmenos
 12918 | Lair:1   | Reached skill level 1 in Evocations
 13352 | Lair:1   | Reached XP level 12. HP: 45/51 MP: 12/17
 13416 | Lair:1   | Reached skill level 14 in Dodging
 13743 | Lair:2   | Found a staircase to the Snake Pit.
 13756 | Lair:2   | Reached skill level 5 in Evocations
 14145 | Lair:2   | Noticed a five-headed hydra
 14156 | Lair:2   | Killed a five-headed hydra
 14599 | Lair:2   | Found a staircase to the Shoals.
 15456 | Lair:3   | Reached skill level 10 in Evocations
 15887 | Lair:3   | Found a dark tunnel.
 15901 | Lair:3   | Reached skill level 1 in Fighting
 17064 | Lair:4   | Reached XP level 13. HP: 61/61 MP: 9/22
 17387 | Lair:5   | Found a viscous altar of Jiyva.
 17387 | Lair:5   | Found a staircase to the Slime Pits.
 17721 | Lair:5   | Reached skill level 5 in Fighting
 18053 | Lair:5   | Got a heavily jewelled robe
 18072 | Lair:5   | Identified the +2 robe of the Lonely Princes {*Corrode rC+
                  | MR+} (You found it on level 5 of the Lair of Beasts)
 18309 | Lair:5   | Got a warped falchion
 18321 | Lair:5   | Identified the +7 falchion of Eternity {slice, rElec Int+3}
                  | (You found it on level 5 of the Lair of Beasts)
 18339 | Lair:6   | Entered Level 6 of the Lair of Beasts
 18344 | Lair:6   | Reached skill level 1 in Long Blades
 18970 | Lair:6   | Reached ****** piety under Dithmenos
 19145 | Lair:6   | Reached skill level 5 in Long Blades
 19666 | Lair:6   | Noticed a dire elephant
 19669 | Lair:6   | Reached XP level 14. HP: 70/70 MP: 17/23
 21714 | D:12     | Identified a scroll of acquirement
 21717 | D:12     | Got a sparkling brass ring
 21720 | D:12     | Identified the ring "Notsunuq" {*Drain rPois rC+ rN+++
                  | Dex-4} (You acquired it on level 12 of the Dungeon)
 22346 | D:13     | Found Eliucac's Distillery.
 22750 | D:13     | Reached skill level 10 in Long Blades
 23416 | D:13     | Found a gate to the Vaults.
 24098 | D:14     | Noticed Louise
 24113 | D:14     | Killed Louise
 24121 | D:14     | Found a shimmering altar of Xom.
 24785 | D:15     | Entered Level 15 of the Dungeon
 25137 | D:15     | Reached XP level 15. HP: 74/74 MP: 17/24
 25215 | D:15     | Found Dupsaus's Book Emporium.
 25251 | D:15     | Found Ohyfacil's Weapon Shop.
 25954 | D:15     | Found a staircase to the Depths.
 26140 | D:15     | Found Zitzukau's Antique Armour Shoppe.
 26270 | D:15     | Found Geik's Distillery.
 26346 | D:15     | Reached skill level 1 in Invocations
 26514 | Orc:1    | Entered Level 1 of the Orcish Mines
 26542 | Orc:1    | Noticed Erica
 26549 | Orc:1    | Killed Erica
 26734 | Orc:1    | Found a roughly hewn altar of Beogh.
 26818 | Orc:2    | Entered Level 2 of the Orcish Mines
 27438 | Orc:2    | Found a staircase to the Elven Halls.
 27512 | Orc:2    | Found a radiant altar of Vehumet.
 28034 | Orc:2    | Found Ukit Itruo's Distillery.
 28034 | Orc:2    | Found Pijenn Qyrho's Gadget Emporium.
 28035 | Orc:2    | Found Ixishrak's General Store.
 28038 | Orc:2    | Found Wadug's Magic Scroll Shoppe.
 28058 | Orc:2    | Bought a scroll of blinking for 127 gold pieces
 28058 | Orc:2    | Bought 2 scrolls of enchant weapon for 255 gold pieces
 28436 | Snake:1  | Entered Level 1 of the Snake Pit
 28461 | Snake:1  | Found Ygum's General Store.
 28472 | Snake:1  | Bought a scroll of enchant weapon for 135 gold pieces
 28662 | Snake:1  | Learned a level 2 spell: Blink
 29039 | Snake:1  | Reached skill level 5 in Invocations
 29281 | Shoals:1 | Entered Level 1 of the Shoals
 29281 | Shoals:1 | Found Pokeff's Food Shoppe.
 29393 | Shoals:1 | Bought a ration for 55 gold pieces
 29393 | Shoals:1 | Bought a ration for 55 gold pieces
 29393 | Shoals:1 | Bought a ration for 55 gold pieces
 29393 | Shoals:1 | Bought a ration for 55 gold pieces
 29393 | Shoals:1 | Bought a ration for 55 gold pieces
 29393 | Shoals:1 | Bought a ration for 55 gold pieces
 29393 | Shoals:1 | Bought a ration for 55 gold pieces
 29393 | Shoals:1 | Bought a ration for 55 gold pieces
 29393 | Shoals:1 | Bought a ration for 55 gold pieces
 29393 | Shoals:1 | Bought a ration for 55 gold pieces
 29393 | Shoals:1 | Bought a ration for 55 gold pieces
 29793 | Shoals:1 | Reached skill level 15 in Dodging
 30238 | Shoals:2 | Found Ziacsom's Magic Scroll Shoppe.
 30267 | Shoals:2 | Bought a scroll of acquirement for 572 gold pieces
 30267 | Shoals:2 | Bought a scroll of enchant weapon for 82 gold pieces
 30876 | Shoals:2 | Reached XP level 16. HP: 62/79 MP: 22/25
 31247 | Shoals:2 | Reached skill level 10 in Stealth
 31548 | Shoals:2 | Found a white marble altar of Elyvilon.
 32056 | Shoals:2 | Reached skill level 1 in Translocations
 32473 | Shoals:2 | Found Ololeh's Gadget Emporium.
 32481 | Shoals:2 | Bought a sack of spiders for 320 gold pieces
 32685 | Shoals:3 | Noticed Polyphemus
 33119 | Snake:1  | Reached skill level 16 in Dodging
 33481 | Shoals:1 | Got a faintly glowing dagger
 33482 | Shoals:1 | Identified the +5 dagger "Yjomoeb" {freeze, Int+5 Stlth-}
                  | (You found it on level 1 of the Shoals)
 33684 | Shoals:2 | Killed Polyphemus
 35749 | Shoals:4 | Entered Level 4 of the Shoals
 36103 | Shoals:4 | Found Gumicoun's Gadget Emporium.
 36171 | Shoals:4 | Bought a sack of spiders for 300 gold pieces
 36377 | Shoals:4 | Noticed a kraken
 36802 | Shoals:4 | Killed a kraken
 36812 | Shoals:4 | Got a barnacled rune of Zot
 36913 | Shoals:4 | Reached XP level 17. HP: 86/86 MP: 20/26
 37073 | Shoals:4 | Noticed Ilsuiw
 38350 | Shoals:4 | Killed Ilsuiw
 39113 | Snake:2  | Reached skill level 10 in Fighting
 40037 | Snake:2  | Reached skill level 5 in Spellcasting
 40728 | Snake:3  | Killed from afar by a salamander mystic

Skill      XL: |  1  2  3  4  5  6  7  8  9 10 11 12 13 14 15 16 17 |
---------------+----------------------------------------------------+-----
Hexes          | 4 5 6 8 10 11 12 13 14 | 14.5
Stealth        | 5 6 9 10 | 10.0
Short Blades   | 2 3 4 5 6 8 10 11 13 14 | 14.0
Dodging        | 5 8 11 13 14 15 16 | 16.2
Evocations     | 4 11 | 11.0
Fighting       | 3 6 8 10 | 10.1
Long Blades    | 7 12 13 | 13.1
Invocations    | 7 9 |  9.4
Translocations | 4 |  4.1
Spellcasting   | 4 7 |  7.4

Action                   |  1- 3 |  4- 6 |  7- 9 | 10-12 | 13-15 | 16-18 || total
-------------------------+-------+-------+-------+-------+-------+-------++-------
Melee: Dagger            |   117 |   257 |   255 |  1096 |  1433 |   865 ||  4023
       Falchion          |       |       |       |       |   672 |    57 ||   729
Throw: Throwing net      |       |       |       |       |       |    10 ||    10
 Cast: Ensorcelled Hiber |    28 |    59 |    50 |   116 |   180 |    79 ||   512
       Corona            |     1 |       |       |       |       |       ||     1
       Confuse           |       |     1 |    17 |    16 |    69 |   202 ||   305
Invok: Shadow Step       |       |       |       |       |     1 |       ||     1
Evoke: Wand              |       |       |       |    15 |    85 |    20 ||   120
       Box of beasts     |       |       |       |       |     5 |     1 ||     6
       Phial of floods   |       |       |       |       |     1 |     2 ||     3
       Sack of spiders   |       |       |       |       |       |     7 ||     7
  Use: Scroll            |       |     3 |     1 |    10 |    18 |     5 ||    37
       Potion            |       |       |     1 |       |     3 |     6 ||    10
 Stab: Sleeping          |    23 |    39 |    43 |    82 |   124 |    44 ||   355
       Confused          |       |       |    16 |    15 |    47 |   119 ||   197
       Distracted        |       |       |       |     3 |     4 |     5 ||    12
       Paralysed         |       |       |       |       |     2 |       ||     2
       Held in net/web   |       |       |       |       |       |     8 ||     8
  Eat: Ration            |       |     3 |     5 |     9 |    18 |    14 ||    49
Armor: Robe              |    11 |    25 |    11 |    27 |    86 |    50 ||   210
Dodge: Dodged            |    94 |   200 |   140 |   869 |  2093 |  1144 ||  4540
       Rpst.: Falchion   |       |       |       |       |   220 |     9 ||   229
